 Dungeon Crawl Stone Soup version 0.20.1-1-g8b1a95d (console) character file.

196 hilaritas the Magician (level 5, 0/28 HPs)
             Began as a Deep Elf Ice Elementalist on Aug 30, 2017.
             Slain by Grinder (8 damage)
             ... on level 3 of the Dungeon.
             The game lasted 00:06:12 (2784 turns).

hilaritas the Magician (Deep Elf Ice Elementalist)  Turns: 2784, Time: 00:06:13

Health: 0/28       AC:  9    Str:  6    XL:     5   Next: 46%
Magic:  11/15      EV: 13    Int: 20    God:
Gold:   97         SH:  0    Dex: 15    Spells: 1/15 levels left

rFire    . . .     SeeInvis .   m - +0 short sword
rCold    . . .     Gourm    .   (no shield)
rNeg     . . .     Faith    .   a - +0 robe
rPois    .         Spirit   .   (no helmet)
rElec    .         Reflect  .   (no cloak)
rCorr    .         Harm     .   (no gloves)
MR       .....                  h - +0 pair of boots
Stlth    ++........             (no amulet)
Regen    0.1/turn               (no ring)
MPRegen  0.2/turn               (no ring)

@: icy armour, slow
A: no striking features
a: no special abilities


You were on level 3 of the Dungeon.
You were hungry.

You visited 1 branch of the dungeon, and saw 3 of its levels.

You collected 97 gold pieces.

Inventory:

Hand Weapons
 m - a +0 short sword (weapon)
 n - a +0 dagger
Missiles
 k - 82 stones (quivered)
Armour
 a - a +0 robe (worn)
 h - a +0 pair of boots (worn)
 y - a +0 large shield
Jewellery
 r - a cursed amulet of inaccuracy {unknown}
 B - an uncursed ring of magical power {unknown}
Scrolls
 e - 2 scrolls of remove curse {unknown}
 l - 2 scrolls of teleportation {unknown}
 p - 3 scrolls of amnesia {unknown}
 q - a scroll of fog {unknown}
 s - a scroll of blinking {unknown}
 v - a scroll of enchant armour {unknown}
 w - 2 scrolls of identify {unknown}
 x - a scroll of noise {unknown}
 z - a scroll of enchant weapon {unknown}
 A - a scroll of fear {unknown}
Potions
 f - a potion of might {unknown}
 j - a potion of berserk rage {unknown}
 o - a potion of flight {unknown}
 t - a potion of curing {unknown}
 u - a potion of haste {unknown}
Books
 b - a book of Frost

   Spells                             Type                      Level
   a - Freeze                         Ice                          1
   b - Throw Frost                    Conjuration/Ice              2
   c - Ozocubu's Armour               Charms/Ice                   3
   d - Throw Icicle                   Conjuration/Ice              4
   e - Summon Ice Beast               Ice/Summoning                4
Comestibles
 c - 4 bread rations
 g - a meat ration
 i - 4 fruits


   Skills:
 - Level 2.4 Dodging
 - Level 2.4 Stealth
 * Level 5.9 Spellcasting
 - Level 2.0 Conjurations
 - Level 5.0 Ice Magic


You had one spell level left.
You knew the following spells:

 Your Spells              Type           Power        Failure   Level  Hunger
a - Freeze                Ice            ####         1%          1    None
b - Throw Frost           Conj/Ice       ###...       3%          2    None
c - Ozocubu's Armour      Chrm/Ice       ###.....     12%         3    ##.....
d - Throw Icicle          Conj/Ice       ###.....     24%         4    ####...
e - Summon Ice Beast      Ice/Summ       ###.....     36%         4    ####...


Dungeon Overview and Level Annotations

Branches:
Dungeon (3/15)

Altars:

Annotations:
D:3 Grinder


Message History

Casting: Freeze
Confirm with . or Enter, or press ? or * to list all spells.
Aiming: Freeze
Press: ? - help, Shift-Dir - straight line, f - Grinder
Aim: Grinder (lightly wounded)
You freeze Grinder.
Grinder completely resists.
Grinder is lightly wounded.
Grinder gestures at you.
You struggle to resist.
It was a potion of magic.
Magic courses through your body. Grinder hits you but does no damage.
Casting: Freeze
Confirm with . or Enter, or press ? or * to list all spells.
Aiming: Throw Icicle
Press: ? - help, Shift-Dir - straight line, f/p - Grinder
Aim: Grinder (lightly wounded)
The shard of ice hits Grinder.
Grinder partially resists.
Grinder is moderately wounded.
Grinder hits you!
You die...

#######..#!##
....#....... ..
...........##?..
.......[....#..#
...............#.#
...............#..
..................
.......@..........
......5.†.........
.................#
##.#.#####...#.#.
#.....###.....# #
###.#.......###
..## #.###.....#
.?.####.##..(.###
.......(......#


You could see Grinder.

Vanquished Creatures
  The ghost of Crelarid the Ducker, an amateur SpCj (D:3)
  Natasha (D:3)
  2 adders (D:2)
  2 dart slugs (D:1)
  3 leopard geckos
  8 bats
  2 giant cockroaches
  9 goblins
  6 hobgoblins
  3 jackals (D:1)
  A quokka (D:2)
  A ball python (D:1)
  A frilled lizard (D:2)
  7 kobolds
  6 rats
53 creatures vanquished.

Notes
Turn   | Place    | Note
-------+----------+-------------------------------------------
     0 | D:1      | hilaritas the Deep Elf Ice Elementalist began the quest for the Orb.
     0 | D:1      | Reached XP level 1. HP: 10/10 MP: 6/6
   133 | D:1      | Reached XP level 2. HP: 13/15 MP: 4/8
   139 | D:1      | Learned a level 2 spell: Throw Frost
  1035 | D:1      | Reached XP level 3. HP: 19/19 MP: 6/9
  1358 | D:1      | Learned a level 3 spell: Ozocubu's Armour
  1928 | D:2      | Found a faded altar of an unknown god.
  2184 | D:2      | Reached skill level 5 in Ice Magic
  2506 | D:2      | Reached XP level 4. HP: 24/24 MP: 8/11
  2623 | D:3      | Noticed Natasha
  2629 | D:3      | Killed Natasha
  2672 | D:3      | Learned a level 4 spell: Throw Icicle
  2675 | D:3      | Noticed Crelarid's ghost (amateur SpCj)
  2681 | D:3      | Killed Crelarid's ghost
  2681 | D:3      | Reached skill level 5 in Spellcasting
  2681 | D:3      | Reached XP level 5. HP: 22/28 MP: 5/15
  2688 | D:3      | Learned a level 4 spell: Summon Ice Beast
  2758 | D:3      | Noticed Grinder
  2762 | D:3      | Paralysed by Grinder for 2 turns
  2771 | D:3      | Paralysed by Grinder for 2 turns
  2784 | D:3      | Slain by Grinder

Skill      XL: |  1  2  3  4 |
---------------+-------------+-----
Ice Magic      | 4 5 |  5.0
Conjurations   | 2 |  2.0
Spellcasting   | 5 |  5.9
Dodging        | |  2.4
Stealth        | |  2.4

Action                   |  1- 3 |  4- 6 || total
-------------------------+-------+-------++-------
Melee: Short sword       |     1 |       ||     1
 Cast: Freeze            |    69 |    19 ||    88
       Ozocubu's Armour  |       |     1 ||     1
       Throw Icicle      |       |     1 ||     1
  Use: Potion            |       |     1 ||     1
  Eat: Chunk             |     5 |       ||     5
Armor: Robe              |    13 |    11 ||    24
Dodge: Dodged            |    36 |    13 ||    49
